cohdb
Replays
Latest Replays
All Replays
Popular Replays
Top Player Replays
Match Explorer
How It Works
Community
CoH3 Stats
Reddit
Sign in to upload your games and track your stats! →
Sign in with Steam
Match 37848259
Unlisted
Match 37848259
Overview
Messages
Build Orders
End
Construct Infanterie Kompanie
Kettenkrad Recon Vehicle
Selects Mechanized Battlegroup
MG 42 Machine Gun Team
GrW 34 Mortar Team
Grenadier Squad
Construct Luftwaffe Kompanie
221 Scout Car
Support Elements
Jäger Squad
Medical Bunker
Selects Mobile Repair Stations
Wirbelwind Flakpanzer
Selects Wespe Self-propelled Artillery
Wespe Self-propelled Artillery
Wespe Self-propelled Artillery
Construct Panzergrenadier Kompanie
StuG III G Assault Gun
Selects Zeroing Artillery Barrage
Wespe Self-propelled Artillery
Selects Raid Package
StuG III G Assault Gun
Selects 8 Rad Armored Car
Selects UNKNOWN (2160084)
Thrusher
jrsp
Rony
R4md4c
Mastercraft97
Sekretar92
0
0
Comments
sign in to comment!
No comments posted yet!